 Dungeon Crawl Stone Soup version 0.29-a0-284-gf9362112df (webtiles) character file.

Game seed: 15477286547106623419

1 spaghetti the Sneak (level 1, -4/11 HPs)
             Began as a Vine Stalker Delver on Mar 20, 2022.
             Slain by an iguana (9 damage)
             ... on level 5 of the Dungeon.
             The game lasted 00:00:18 (114 turns).

spaghetti the Sneak (Vine Stalker Delver)            Turns: 114, Time: 00:00:18

Health: -4/11      AC:  3    Str: 14    XL:     1   Next: 20%
Magic:  0/2        EV: 11    Int: 10    God:
Gold:   14         SH:  0    Dex: 15    Spells: 0/0 levels left

rFire   . . .      SeeInvis .   a - +0 short sword {short}
rCold   . . .      Faith    .   (no shield)
rNeg    . . .      Spirit   +   b - +0 leather armour
rPois   .          Reflect  .   (no helmet)
rElec   .          Harm     .   (no cloak)
rCorr   .          Rampage  .   (no gloves)
Will    .....                   (no boots)
Stlth   +++.......              (no amulet)
HPRegen 0.03/turn               (no ring)
MPRegen 0.08/turn               (no ring)

@: no status effects
A: fangs 2, magic shield, antimagic bite, no potion heal 2
a: no special abilities


You were on level 5 of the Dungeon.
You visited 1 branch of the dungeon, and saw 1 of its levels.

You collected 14 gold pieces.


Innate Abilities, Weirdness & Mutations

You have extremely sharp teeth.
When hurt, damage is shared between your health and your magic reserves.
Your bite disrupts and absorbs the magic of your enemies.
Potions cannot restore your health.


   Skills:
 - Level 2.6 Fighting
 - Level 1.7 Short Blades
 - Level 1.5 Dodging
 + Level 6.1 Stealth


You couldn't memorise any spells.
You didn't know any spells.
Your spell library was empty.

Inventory:

Hand Weapons
 a - a +0 short sword (weapon) {short}
Armour
 b - a +0 leather armour (worn)
Wands
 g - a wand of digging (3)
Scrolls
 c - a scroll of fog
 e - a scroll of fear
Potions
 d - 2 potions of mutation {unknown}
 f - a potion of haste {@q3}

Dungeon Overview and Level Annotations

Branches:
Dungeon (5/15)
 Temple: D:4-7

Altars:

*,,,,,,...,..# #.#######
****,,,,..*#.# #.#......
*****#.*#.############........
###.##.##...........#.#....
******#.....#..†#*###...........>
,,,.....#.##.#### #..##.#.#....
***###**#.*#.# #..##........
#.*#.########..####.#####
#.*#...l@......# #.#
#.*###########.# #.# #.***** #.#
*,* #.,,,,* #.# *,* *****,* #.#
******* *,********.#***,,,,,,
*,,,,,,,,,..,,*,,,,,,
**********##*,*,,,,,, *,*******


You could see an iguana.


Message History

🤖 Initializing magus.rc ...
Options error: Delay interrupt name "hungry" not recognised. (~/.crawlrc:4761) Options error: Bad monster_list_colour key: strict_neutral (~/.crawlrc:4776) ✅ Successfully initialized magus.rc [v1.9.6] Welcome, spaghetti the Vine Stalker Delver.
Are you destined to find the terrific Orb of Zot, or to die trying?
Press ? for a list of commands and other information.
Found 14 gold pieces.
Found a stone staircase leading down.
Really read
d - a scroll of magic mapping {!r}?
As you read the scroll of magic mapping {!r}, it crumbles to dust.
You feel aware of your surroundings.
Found a stone staircase leading up.
You now have 14 gold pieces.
Found a stone staircase leading up.
There is a stone staircase leading up here.
d - 2 ruby potions
(D) Dungeon
Where to? (? - help)
An iguana and a quokka come into view.
Unknown command.
Unknown command.
The quokka closely misses you.
You barely miss the quokka. You bite the quokka. You drain its power.
The quokka bites you. 😕 HP[-1]
You take 1 damage, and now have 10/11 hp.
You hit the quokka but do no damage. You bite the quokka. You drain its power.
The quokka barely misses you. The quokka bites you. 😕 HP[-1]
You take 1 damage, and now have 9/11 hp.
You hit the quokka.
You kill the quokka!
You see here a quokka corpse.
An iguana is nearby! 😎 HP[+2]
Your hp is fully restored (11).
The iguana hisses angrily.
The iguana bites you. 😎 MP[-1]
You lost 1 mp, and now have 1/2 mp.
You hit the iguana. The iguana bites you. 😮 HP[-4] MP[-1]
You take 4 damage, and now have 7/11 hp.
MASSIVE DAMAGE!! (PAUSE)
You lost 1 mp, and now have 0/2 mp.
The iguana attacks as you move away! The iguana bites you.
* * * LOW HITPOINT WARNING * * *
😨 HP[-2]
You take 2 damage, and now have 5/11 hp.
The iguana attacks as you move away! The iguana barely misses you.
There is a stone staircase leading up here.
The iguana bites you!
Ouch! That really hurt!
You die...

Action                   || total
-------------------------++-------
Melee: Short sword       ||     4
       Bite              ||     2
  Use: Scroll            ||     1
Dodge: Dodged            ||     3

Levels and vault maps discovered:
D:5:      lemuel_ratsnest, layout_loops_ring, dk_rats_in_the_wall

Notes
Turn   | Place    | Note
-------+----------+-------------------------------------------
     0 | D:5      | spaghetti the Vine Stalker Delver began the quest for the
                  | Orb.
     0 | D:5      | Reached XP level 1. HP: 11/11 MP: 2/2
     0 | D:5      | magus.rc [v1.9.6]
    30 | D:5      | Noticed an iguana
   114 | D:5      | Slain by an iguana

Vanquished Creatures
  A quokka (D:5)
1 creature vanquished.

Table legend:
 A = Non-vault XP
 B = Vault XP
 C = Vault XP percentage of total XP
 D = Non-vault monster count
 E = Vault monster count
 F = Vault count percentage of total count
                 A         B        C        D         E       F
            +---------+---------+-------+---------+---------+-------
      Total |       2 |       0 |   0.0 |       1 |       0 |   0.0
            +---------+---------+-------+---------+---------+-------
        D:5 |       2 |       0 |   0.0 |       1 |       0 |   0.0
            +---------+---------+-------+---------+---------+-------

Illustrated notes

Table legend:
 A = Kills in this place as a percentage of kills in entire the game.
 B = Kills by you in this place as a percentage of kills by you in the entire game.
 C = Kills by friends in this place as a percentage of kills by friends in the entire game.
 D = Other kills in this place as a percentage of other kills in the entire game.
 E = Experience gained in this place as a percentage of experience gained in the entire game.
 F = Experience gained in this place divided by the number of levels of this place that you have seen.
                   A       B       C       D       E      F
               +-------+-------+-------+-------+-------+----------------------
         Total | 100.0 | 100.0 |   N/A |   N/A | 100.0 |   2.0
       Dungeon | 100.0 | 100.0 |   N/A |   N/A | 100.0 |   2.0
               +-------+-------+-------+-------+-------+----------------------

Table legend: (Time is in decaauts)
 A = Elapsed time spent in this place.
 B = Non-inter-level travel time spent in this place.
 C = Inter-level travel time spent in this place.
 D = Time resting spent in this place.
 E = Time spent auto-exploring this place.
 F = Levels seen in this place.
 G = Mean time per level.
                   A        B        C        D        E       F      G
               +--------+--------+--------+--------+--------+-----+--------+
         Total |    114 |    109 |      5 |      0 |     86 |   1 |  114.0 |
       Dungeon |    114 |    109 |      5 |      0 |     86 |   1 |  114.0 |
               +--------+--------+--------+--------+--------+-----+--------+

Top non-repeatable levels by time:
     D:5: 114 daAuts
